[Event "Early-Titled-Tuesday-Blitz-January-30-2024"]
[Site "Chess.com"]
[Date "2024.01.30"]
[Round "9"]
[White "Alex_Sahakyan2006"]
[Black "GHANDEEVAM2003"]
[Result "1-0"]
[WhiteElo "2887"]
[BlackElo "3042"]
[TimeControl "180+1"]
[EndTime "9:46:32 PST"]
[Termination "Alex_Sahakyan2006 won by resignation"]

1. e4 c6 2. d4 d5 3. Nd2 dxe4 4. Nxe4 Bf5 5. Ng3 Bg6 6. h4 h6 7.
Nf3 e6 8. h5 Bh7 9. Bd3 Bxd3 10.
Qxd3 c5 11. Be3 Nc6 12. O-O-O Qa5 13. Qb3 O-O-O 14. dxc5 Rxd1+ 15. Rxd1 Bxc5 16. Bxc5 Qxc5 17. Ne4 Qe7 18. Nd6+ Kb8 19. Nd4 Qxd6 20. Nxc6+ Qxc6 21. Qg3+ e5 22. Qxe5+ Kc8 23. Rd6 Nf6 24. Rxc6+ bxc6 25. Qe7 Re8 26. Qxf7 Re1+ 27. Kd2 Re5 28. Qxg7 Ne4+ 29. Kc1 Re6 30. Qxa7 Nd6 31. b3 Nb5 32. Qf7 Rd6 33. Kb2 Nc7 34. g4 Nd5 35. g5 hxg5 36. Qg8+ Kc7 37. Qxg5 Nf6 38. h6 Nh7 39. Qe3 Rd7 40. a4 1-0

[Event "Early-Titled-Tuesday-Blitz-January-30-2024"]
[Site "Chess.com"]
[Date "2024.01.30"]
[Round "9"]
[White "Grandelicious"]
[Black "Hovik_Hayrapetyan"]
[Result "0-1"]
[WhiteElo "2891"]
[BlackElo "2790"]
[TimeControl "180+1"]
[EndTime "9:46:40 PST"]
[Termination "Hovik_Hayrapetyan won by resignation"]

1. Nf3 d5 2. e3 Nf6 3. c4 e6 4. b3 Bd6 5. Bb2 O-O 6. Nc3 Re8 7.
Nb5 Bf8 8. Be5 Na6 9. Be2 c6 10. Nc3 Nc5 11. O-O Ncd7 12. Bg3 a6 13. h3 b5 14.
cxd5 cxd5 15. Qb1 Bb7 16. Rc1 Ba3 17. Rc2 Rc8 18. Bd1 Qa5 19. Nd4 e5 20. Nf5 g6 21.
Nh4 d4 22. Ne2 d3 23. Rxc8 Rxc8 24. Qxd3 Be4 25. b4 Bxd3 26. bxa5 Bb2 0-1

[Event "Early-Titled-Tuesday-Blitz-January-30-2024"]
[Site "Chess.com"]
[Date "2024.01.30"]
[Round "9"]
[White "HelvertHernandez"]
[Black "kidagent"]
[Result "0-1"]
[WhiteElo "1898"]
[BlackElo "2327"]
[TimeControl "180+1"]
[EndTime "9:46:43 PST"]
[Termination "kidagent won by checkmate"]

1. e4 c6 2. d4 d5 3. Nc3 dxe4 4. Nxe4 Bf5 5. Ng3 Bg6 6. h4 h6 7. Nf3 Nd7 8. h5 Bh7 9. Bd3 Bxd3 10. Qxd3 Qc7 11. c4 Ngf6 12. Be3 e6 13. Qd2 Bd6 14. Ne2 c5 15. dxc5 Nxc5 16. O-O-O O-O-O 17. Qc2 Kb8 18. Kb1 Ng4 19. Nc3 Nxe3 20. fxe3 a6 21. Ne4 Be7 22.
Nd4 Nxe4 23. Qxe4 Qxc4 24. Rc1 Qd5 25. Qc2 Rc8 26. Qa4 Bg5 27. Rhe1 Rxc1+ 28. Kxc1 Rc8+ 29. Nc2 Qxg2 30. Qd4 Qxc2# 0-1

[Event "Early-Titled-Tuesday-Blitz-January-30-2024"]
[Site "Chess.com"]
[Date "2024.01.30"]
[Round "9"]
[White "Mourinho_Jose"]
[Black "Akylbek2021"]
[Result "0-1"]
[WhiteElo "2492"]
[BlackElo "2286"]
[TimeControl "180+1"]
[EndTime "9:46:47 PST"]
[Termination "Akylbek2021 won by checkmate"]

1. e4 Nc6 2. Nf3 e5 3. Nc3 Nf6 4. d4 exd4 5. Nxd4 Bb4 6. Nxc6 bxc6 7. Bd3 d5 8. exd5 O-O 9. O-O cxd5 10. Bg5 c6 11. Na4 Be7 12. c3 h6 13. Bh4 Rb8 14. Bc2 Re8 15. Re1 Bg4 16. Qd3 g6 17. h3 Bf5 18. Qd2 Bxc2 19. Qxc2 Ne4 20. Bxe7 Rxe7 21. Re3 Qc7 22. Rae1 Rbe8 23. Qe2 f5 24. Qa6 f4 25.
Rf3 Nd2 26. Rxe7 Rxe7 27. Qd3 Re1+ 28. Kh2 Nf1+ 29. Kg1 Ng3+ 30. Kh2 Rh1# 0-1

[Event "Early-Titled-Tuesday-Blitz-January-30-2024"]
[Site "Chess.com"]
[Date "2024.01.30"]
[Round "9"]
[White "Logman74"]
[Black "ilushka"]
[Result "0-1"]
[WhiteElo "2553"]
[BlackElo "2377"]
[TimeControl "180+1"]
[EndTime "9:47:01 PST"]
[Termination "ilushka won on time"]

1. e4 e5 2. Nf3 Nc6 3. Bb5 Nf6 4. d3 Bc5 5. Bxc6 dxc6 6. Qe2 Bd6 7. Nbd2 O-O 8. Nc4 Qe8 9. Bg5 Nd7 10. h4 f6 11.
Bd2 Nc5 12. h5 Bg4 13. O-O-O Ne6 14. h6 g6 15. Be3 b5 16. Ncd2 c5 17. Rh4 Bxf3 18.
Qxf3 Nd4 19. Bxd4 cxd4 20. Kb1 a5 21. g3 a4 22. Qg2 a3 23. Nb3 axb2 24. f4 Qc6 25.
Kxb2 Qc3+ 26. Kb1 Ba3 0-1

[Event "Early-Titled-Tuesday-Blitz-January-30-2024"]
[Site "Chess.com"]
[Date "2024.01.30"]
[Round "9"]
[White "Tunahan_Makaraci"]
[Black "kekic76"]
[Result "0-1"]
[WhiteElo "2514"]
[BlackElo "2367"]
[TimeControl "180+1"]
[EndTime "9:47:06 PST"]
[Termination "kekic76 won by resignation"]

1. e4 e6 2. d4 d5 3. Nc3 Bb4 4. Ne2 Nf6 5. e5 Nfd7 6. a3 Be7 7. f4 b6 8. Be3 Ba6 9. g3 g6 10.
Bg2 Nc6 11. Kf2 Na5 12. b3 Rc8 13. g4 c5 14. f5 gxf5 15. gxf5 Rg8 16. fxe6 fxe6 17.
Nf4 Nf8 18. Qh5+ Kd7 19. Nxe6 Rxg2+ 20. Kxg2 Nxe6 21. Nxd5 cxd4 22. Rad1 Rxc2+ 23. Bf2 Be2 24. Qf7 Bxd1 25. Nf6+ Kc7 26. Rxd1 Ng5 27. Nd5+ Kb8 28. Nxe7 Nxf7 0-1

[Event "Early-Titled-Tuesday-Blitz-January-30-2024"]
[Site "Chess.com"]
[Date "2024.01.30"]
[Round "9"]
[White "toog"]
[Black "Sofia_Blokhin"]
[Result "1-0"]
[WhiteElo "2587"]
[BlackElo "2240"]
[TimeControl "180+1"]
[EndTime "9:47:07 PST"]
[Termination "toog won by resignation"]

1. b4 d5 2. Bb2 Nf6 3. Nf3 e6 4. a3 Be7 5. e3 O-O 6. c4 c5 7. bxc5 Bxc5 8. Qc2 b6 9. Be2 Bb7 10. O-O dxc4 11. Ne5 b5 12. a4 a6 13. d3 cxd3 14. Bxd3 Bd6 15. Rd1 Qe7 16. axb5 axb5 17.
Rxa8 Bxa8 18. Bxb5 Bxe5 19. Bxe5 Ng4 20. Bd6 Qb7 21.
Bf1 Rc8 22. Qe2 Nf6 23. Nd2 Nc6 24. Nc4 Nd5 25. Qf3 Qb3 26. Nd2 Nc3 27. Nxb3 1-0

[Event "Early-Titled-Tuesday-Blitz-January-30-2024"]
[Site "Chess.com"]
[Date "2024.01.30"]
[Round "9"]
[White "cristiano78"]
[Black "ATM622"]
[Result "1-0"]
[WhiteElo "2300"]
[BlackElo "2450"]
[TimeControl "180+1"]
[EndTime "9:47:08 PST"]
[Termination "cristiano78 won by resignation"]

1. d4 Nf6 2. c4 e6 3. Nf3 d5 4. Nc3 Be7 5. Bg5 h6 6. Bxf6 Bxf6 7. e3 O-O 8. Rc1 a6 9. Be2 dxc4 10. Bxc4 b5 11.
Bd3 Bb7 12. Ne4 Be7 13. O-O Nd7 14. Qc2 Rc8 15. Rfd1 c5 16. dxc5 Qa5 17. Qb1 Bxe4 18.
Bxe4 Nf6 19. b4 Qc7 20. Bd3 Rfd8 21. h3 e5 22. Bf5 Rb8 23. Qb2 g6 24. Bc2 e4 25.
Nd2 Nd5 26. Nxe4 f5 27. Qb3 Qe5 28. Nc3 Kh7 29. Nxd5 Bh4 30. Nf4 g5 31. Qf7+ 1-0

[Event "Early-Titled-Tuesday-Blitz-January-30-2024"]
[Site "Chess.com"]
[Date "2024.01.30"]
[Round "9"]
[White "hasagoodchesser"]
[Black "RaulPerezGuerra"]
[Result "1-0"]
[WhiteElo "2732"]
[BlackElo "2499"]
[TimeControl "180+1"]
[EndTime "9:47:09 PST"]
[Termination "hasagoodchesser won by resignation"]

1. Nf3 Nf6 2. g3 b6 3. Bg2 Bb7 4. b3 e6 5. Bb2 Be7 6. O-O O-O 7. c4 c5 8. d4 cxd4 9. Qxd4 Nc6 10. Qd2 d5 11.
cxd5 Qxd5 12. Rd1 Qxd2 13. Nbxd2 Rfd8 14. Nc4 Nb4 15. a3 Na6 16. Nfe5 Bxg2 17. Kxg2 Rxd1 18.
Rxd1 Rd8 19. Rxd8+ Bxd8 20. Nc6 Bc7 21. Nxa7 Kf8 22.
Nb5 Bd8 23. Bd4 Nd7 24. b4 f6 25. f4 Nab8 26. Na7 Bc7 27. Kf3 e5 28. fxe5 fxe5 29.
Bc3 Ke7 30. Nb5 Bd8 31. Nxe5 Nxe5+ 32. Bxe5 Nc6 33. Bxg7 Kf7 34. Bc3 Ke6 35. e4 h5 36.
Nd4+ Nxd4+ 37. Bxd4 b5 38. h3 Bg5 39. Bb2 Bd2 40.
g4 hxg4+ 41. Kxg4 Kf7 42. Kf5 Be1 43. e5 Bd2 44. e6+ Kf8 45. h4 Kg8 46. Kg6 Kf8 47. Bf6 Ke8 48. h5 Kf8 49. h6 Bxh6 50. Kxh6 Ke8 51.
Kg6 Kf8 52. Kf5 Ke8 53. Ke5 1-0

[Event "Early-Titled-Tuesday-Blitz-January-30-2024"]
[Site "Chess.com"]
[Date "2024.01.30"]
[Round "9"]
[White "LuisFSiles"]
[Black "EsmeraldasAnderson03"]
[Result "1-0"]
[WhiteElo "2259"]
[BlackElo "2397"]
[TimeControl "180+1"]
[EndTime "9:47:12 PST"]
[Termination "LuisFSiles won by resignation"]

1. e4 c5 2. Nf3 d6 3. Bb5+ Bd7 4. Bxd7+ Qxd7 5. O-O Nf6 6. Re1 Nc6 7. c3 e6 8. d4 cxd4 9. cxd4 d5 10. e5 Ne4 11. Nbd2 Nxd2 12. Bxd2 Be7 13. Rc1 O-O 14.
Rc3 Rac8 15. Rd3 Nb4 16. Rb3 a5 17. a3 Nc6 18. h4 a4 19. Rd3 b5 20. Ng5 h6 21.
Nh3 Bxh4 22. Qh5 Qd8 23. Bxh6 gxh6 24. Qxh6 Rc7 25. Ree3 f6 26. Qxh4 Rg7 27. Rg3 Rf7 28. Rxg7+ Rxg7 29. exf6 Rg6 30. Rg3 Qe8 31. Nf4 1-0

[Event "Early-Titled-Tuesday-Blitz-January-30-2024"]
[Site "Chess.com"]
[Date "2024.01.30"]
[Round "9"]
[White "lilleper1"]
[Black "1977Ivan"]
[Result "0-1"]
[WhiteElo "2909"]
[BlackElo "2822"]
[TimeControl "180+1"]
[EndTime "9:47:13 PST"]
[Termination "1977Ivan won by resignation"]

1. e4 e5 2. Nf3 Nc6 3. Bc4 Nf6 4. d3 d5 5. exd5 Nxd5 6. Nc3 Nb6 7. Bb5 Bd6 8. O-O O-O 9. Bxc6 bxc6 10. Re1 Bg4 11.
h3 Bh5 12. g4 Bg6 13. Nxe5 Qh4 14. Qf3 f5 15. g5 f4 16. Nxg6 hxg6 17. Qg4 Qxg4+ 18. hxg4 Nd5 19. Ne4 Nb4 20. Nxd6 Nxc2 21. Re7 cxd6 22. Rb1 Nd4 23. Kg2 f3+ 24. Kh3 Rae8 25.
Rxe8 Rxe8 26. Be3 Ne2 0-1

[Event "Early-Titled-Tuesday-Blitz-January-30-2024"]
[Site "Chess.com"]
[Date "2024.01.30"]
[Round "9"]
[White "DavidGavrilescu18"]
[Black "dennisodessa"]
[Result "1-0"]
[WhiteElo "2800"]
[BlackElo "2614"]
[TimeControl "180+1"]
[EndTime "9:47:13 PST"]
[Termination "DavidGavrilescu18 won by resignation"]

1. e4 e6 2. d4 d5 3. e5 c5 4. c3 Qa5 5. Nf3 cxd4 6. Nxd4 Nc6 7. Bf4 Nge7 8. Nxc6 Nxc6 9. Bd3 Qc7 10. O-O Nxe5 11. Bb5+ Bd7 12. Bxd7+ Kxd7 13. c4 Bd6 14. cxd5 Ke7 15.
Nc3 Nf3+ 16. Qxf3 Bxf4 17. dxe6 fxe6 18. Rfe1 Bxh2+ 19. Kh1 Be5 20. Nb5 Qc5 21. Qxb7+ Kf6 22. Qf3+ Kg6 23. Qd3+ Kf6 24. Rac1 Qd5 25. Qe2 Rab8 26.
a4 a6 27. Rcd1 Qc5 28. b4 1-0

[Event "Early-Titled-Tuesday-Blitz-January-30-2024"]
[Site "Chess.com"]
[Date "2024.01.30"]
[Round "9"]
[White "carloseduar100"]
[Black "whitemirrorninja"]
[Result "0-1"]
[WhiteElo "2293"]
[BlackElo "2474"]
[TimeControl "180+1"]
[EndTime "9:47:15 PST"]
[Termination "whitemirrorninja won by checkmate"]

1. e4 c5 2. Nf3 a6 3. g3 b6 4. Bg2 Bb7 5. Nc3 e6 6. O-O Nc6 7. Re1 g6 8. d4 cxd4 9. Nxd4 Bg7 10. Be3 Nge7 11. Qd2 O-O 12. Rad1 Rc8 13. a3 Qc7 14. Nf3 Rfd8 15. Bh6 Bh8 16. e5 Nxe5 17. Bf4 d6 18. Bxe5 dxe5 19. Qe3 Nf5 20. Qg5 Bxf3 21. Bxf3 Nd4 22.
Be4 f5 23. Bg2 Nxc2 24. Rxd8+ Qxd8 25. Qxd8+ Rxd8 26. Rc1 Nd4 27. h4 e4 28. Kh2 Nb3 29. Rc2 Rc8 30. Bf1 b5 31. Re2 Bxc3 32. bxc3 Rxc3 33.
Ra2 Nd4 34. a4 b4 35. Bxa6 b3 36. Rb2 Rc2 37. Rb1 Rxf2+ 38. Kh3 Nf3 39. g4 f4 40. g5 e5 41. Rxb3 Rh2+ 42. Kg4 Rg2+ 43. Kh3 Rg3# 0-1

[Event "Early-Titled-Tuesday-Blitz-January-30-2024"]
[Site "Chess.com"]
[Date "2024.01.30"]
[Round "9"]
[White "dretch"]
[Black "gshwbedhkhd"]
[Result "1-0"]
[WhiteElo "2805"]
[BlackElo "2618"]
[TimeControl "180+1"]
[EndTime "9:47:16 PST"]
[Termination "dretch won by resignation"]

1. d4 f5 2. g3 Nf6 3. Bg2 g6 4. Nh3 Bg7 5. O-O O-O 6. Nf4 e6 7. c4 d6 8. Nc3 Qe7 9. e4 fxe4 10. Nxe4 Nc6 11. d5 Ne5 12. Ng5 exd5 13. cxd5 Bh8 14. h4 c6 15. Re1 Bf5 16. dxc6 bxc6 17. Bxc6 Rac8 18. Qb3+ Kg7 19. Nfe6+ Bxe6 20. Nxe6+ Kf7 21.
Nxf8+ Kxf8 22. Bh6+ Bg7 23. Bxg7+ Kxg7 24. Bg2 Qc7 25.
Rac1 Qxc1 26. Rxc1 Rxc1+ 27. Bf1 Nc4 28. Qb7+ Kh6 29.
Qxa7 Ng4 30. Qd4 Kh5 31. Qf4 1-0

[Event "Early-Titled-Tuesday-Blitz-January-30-2024"]
[Site "Chess.com"]
[Date "2024.01.30"]
[Round "9"]
[White "ValentunHulka"]
[Black "blitis"]
[Result "1-0"]
[WhiteElo "2795"]
[BlackElo "2609"]
[TimeControl "180+1"]
[EndTime "9:47:19 PST"]
[Termination "ValentunHulka won by resignation"]

1. c4 f5 2. d4 Nf6 3. Nc3 g6 4. h4 h6 5. h5 g5 6. e4 fxe4 7. Qc2 e6 8. Nxe4 Bb4+ 9. Bd2 Bxd2+ 10. Nxd2 Qe7 11. Ngf3 Nc6 12. O-O-O b5 13. Ne5 Nxd4 14. Qg6+ Kf8 15. Qd3 Qc5 16. Ng6+ Kg7 17. Nxh8 Kxh8 18. Ne4 Nxe4 19. Qxe4 Nc6 20. Bd3 Qf5 21. Qxf5 exf5 22. Bxf5 d6 23. Be4 Bb7 24. cxb5 Na5 25. Rhe1 Rf8 26.
f3 Bc8 27. Bg6 Nc4 28. Re7 g4 29. Rxc7 Ne3 30. Rxd6 Nxg2 31. fxg4 Bxg4 32. Be4 Rf1+ 33. Kc2 Rf2+ 34. Kb3 1-0

[Event "Early-Titled-Tuesday-Blitz-January-30-2024"]
[Site "Chess.com"]
[Date "2024.01.30"]
[Round "9"]
[White "GiorgianBarbosa"]
[Black "hmatyi07"]
[Result "1-0"]
[WhiteElo "2466"]
[BlackElo "2209"]
[TimeControl "180+1"]
[EndTime "9:47:22 PST"]
[Termination "GiorgianBarbosa won by resignation"]

1. e4 c5 2. Nc3 e6 3. g3 a6 4.
Bg2 b5 5. d3 Bb7 6. f4 Nc6 7. Nf3 d6 8. O-O Be7 9. a4 h5 10. axb5 axb5 11. Rxa8 Qxa8 12. Nxb5 Qd8 13. c4 h4 14. Be3 Nh6 15. Ng5 hxg3 16. hxg3 Qd7 17. Bh3 Bxg5 18. fxg5 Nf5 19. Bxf5 exf5 20. Rxf5 Ne7 21. Qg4 Nxf5 22. Qxf5 Qc6 23. Bf4 g6 24. Qf6 O-O 25. Nxd6 Re8 26. Qxf7+ Kh8 1-0

[Event "Early-Titled-Tuesday-Blitz-January-30-2024"]
[Site "Chess.com"]
[Date "2024.01.30"]
[Round "9"]
[White "Klavdia_Nik"]
[Black "Bushonica"]
[Result "1-0"]
[WhiteElo "2133"]
[BlackElo "1816"]
[TimeControl "180+1"]
[EndTime "9:47:22 PST"]
[Termination "Klavdia_Nik won by resignation"]

1. Nf3 d5 2. c4 e6 3. b3 Nf6 4.
Bb2 Be7 5. cxd5 exd5 6. g3 Be6 7. Bg2 c5 8. d4 Nbd7 9. dxc5 Nxc5 10. O-O O-O 11. h3 a6 12. Nd4 Rc8 13. Nc3 b5 14. e3 Qd7 15. Nxe6 fxe6 16. Ne2 Rfd8 17. Be5 Nfe4 18. Qd4 Bf6 19. Rfd1 Bxe5 20. Qxe5 Qf7 21. Qf4 Nf6 22. Nd4 Re8 23. Nf3 Ncd7 24. Ne5 Nxe5 25. Qxe5 Rc2 26. Rf1 Nd7 27. Qd6 Nc5 28. Rad1 Rf8 29.
f4 Qf5 30. g4 Qg6 31. f5 exf5 32. Bxd5+ Kh8 33. Qxg6 hxg6 34. g5 Rxa2 35. Rf4 1-0

[Event "Early-Titled-Tuesday-Blitz-January-30-2024"]
[Site "Chess.com"]
[Date "2024.01.30"]
[Round "9"]
[White "Zavgorodniy_Sergiy"]
[Black "frequentblunders"]
[Result "1-0"]
[WhiteElo "2609"]
[BlackElo "2185"]
[TimeControl "180+1"]
[EndTime "9:47:24 PST"]
[Termination "Zavgorodniy_Sergiy won by resignation"]

1. d4 e6 2. c4 c5 3. d5 Nf6 4. Nc3 d6 5. e4 Be7 6. Nf3 O-O 7. Be2 exd5 8. exd5 Re8 9. O-O a6 10. h3 Bf5 11. Bd3 Bxd3 12. Qxd3 Nbd7 13. a4 Ne5 14. Nxe5 dxe5 15. Bd2 Bd6 16. Ne4 Nxe4 17. Qxe4 g6 18. Rae1 f5 19. Qc2 Qh4 20. Kh2 e4+ 21. g3 Qh5 22. Qc1 Be5 23. Bf4 Bd4 24. Be3 Be5 25. Bxc5 f4 26. Rxe4 fxg3+ 27. Kg2 gxf2 28. Rxf2 Rac8 29.
Qe3 Rxc5 30. Qxc5 Qg5+ 31. Rg4 Qc1 32. d6 Qe1 33. Qd5+ Kg7 34. Re4 1-0

[Event "Early-Titled-Tuesday-Blitz-January-30-2024"]
[Site "Chess.com"]
[Date "2024.01.30"]
[Round "9"]
[White "bazar-wokzal"]
[Black "LangesNasenhaar"]
[Result "1-0"]
[WhiteElo "2604"]
[BlackElo "2444"]
[TimeControl "180+1"]
[EndTime "9:47:26 PST"]
[Termination "bazar-wokzal won by resignation"]

1. e4 g6 2. Nc3 Bg7 3. h4 h5 4.
Nf3 c6 5. Ng5 d6 6. d4 b5 7. Be3 b4 8. Ne2 Nf6 9. f3 Nbd7 10. Qd2 e5 11. Qxb4 Qc7 12. O-O-O Rb8 13. Qa3 O-O 14. g4 hxg4 15. h5 gxf3 16. Ng3 Ng4 17. hxg6 Nxe3 18. gxf7+ Rxf7 19. Qxe3 exd4 20. Qa3 d3 21. c3 Ne5 22. Nxf7 Kxf7 23. Bxd3 Qb6 24.
Nf5 Bf6 25. Nxd6+ Ke6 26. Bc4+ Nxc4 27. Nxc4 Bg5+ 28. Kb1 Qf2 29. Qd6+ Kf7 30. Rh7+ Kg8 31. Qg6+ 1-0

[Event "Early-Titled-Tuesday-Blitz-January-30-2024"]
[Site "Chess.com"]
[Date "2024.01.30"]
[Round "9"]
[White "shimastream"]
[Black "GelmanAlexander"]
[Result "0-1"]
[WhiteElo "2995"]
[BlackElo "2802"]
[TimeControl "180+1"]
[EndTime "9:47:35 PST"]
[Termination "GelmanAlexander won by checkmate"]

1. b3 c5 2. e4 e6 3. Bb2 a6 4.
Nf3 d6 5. d4 cxd4 6. Nxd4 Nf6 7. Bd3 Nbd7 8. O-O g5 9. Nd2 Rg8 10. a4 Ne5 11. Re1 Bd7 12. Nc4 g4 13. a5 Qc7 14. Nb6 Rd8 15. c4 h5 16. f4 gxf3 17. Nxf3 Nfg4 18. b4 Bg7 19. Ra2 Bc6 20. h3 Nxf3+ 21. Qxf3 Bxb2 22. Rxb2 Ne5 23. Qe3 h4 24. Be2 Qe7 25. Rd2 Qf6 26. Rf1 Qg6 27. Rf4 Qxg2# 0-1

[Event "Early-Titled-Tuesday-Blitz-January-30-2024"]
[Site "Chess.com"]
[Date "2024.01.30"]
[Round "9"]
[White "vladgoncharov"]
[Black "LimeInTheCoconut"]
[Result "1-0"]
[WhiteElo "2644"]
[BlackElo "2477"]
[TimeControl "180+1"]
[EndTime "9:47:35 PST"]
[Termination "vladgoncharov won on time"]

1. d4 d5 2. c4 e6 3. Nc3 Bb4 4. e3 Nf6 5. Bd3 dxc4 6. Bxc4 O-O 7. Nf3 b6 8. O-O Bb7 9. Qe2 Nbd7 10. a3 Bxc3 11. bxc3 c5 12. Nd2 Qc7 13. f3 e5 14. Bb2 Rfe8 15. e4 Rad8 16. d5 Rf8 17. a4 Ne8 18. a5 Nd6 19. Bd3 b5 20. c4 bxc4 21. Nxc4 Nxc4 22. Bxc4 Rb8 23. f4 exf4 24. e5 Rbe8 25. e6 Qd6 26. Qh5 Nf6 27. Qg5 Bxd5 28. Bxf6 1-0

[Event "Early-Titled-Tuesday-Blitz-January-30-2024"]
[Site "Chess.com"]
[Date "2024.01.30"]
[Round "9"]
[White "Hikaru"]
[Black "KuzubovYuriy"]
[Result "1-0"]
[WhiteElo "3278"]
[BlackElo "2913"]
[TimeControl "180+1"]
[EndTime "9:47:38 PST"]
[Termination "Hikaru won by resignation"]

1. e4 e6 2. d3 d5 3. Nd2 Ne7 4. g3 c5 5. Bg2 Nbc6 6. h4 b6 7. h5 h6 8. Ngf3 Bb7 9. O-O Qc7 10. a3 Rd8 11. Re1 dxe4 12. dxe4 Na5 13. b3 Nec6 14. Bb2 e5 15. Nh4 Nd4 16. Nf5 c4 17.
Bxd4 exd4 18. b4 c3 19. bxa5 cxd2 20. Qxd2 Qc3 21. Qf4 Qxa5 22. Qc7 Bc8 23. e5 Bxf5 24. e6 Be7 25. exf7+ Kxf7 26. Rxe7+ Kf6 27. Rf7+ 1-0

[Event "Early-Titled-Tuesday-Blitz-January-30-2024"]
[Site "Chess.com"]
[Date "2024.01.30"]
[Round "9"]
[White "MatthewG-p4p"]
[Black "nihalsarin"]
[Result "0-1"]
[WhiteElo "2876"]
[BlackElo "3163"]
[TimeControl "180+1"]
[EndTime "9:47:38 PST"]
[Termination "nihalsarin won on time"]

1. e4 c6 2. d4 d5 3. exd5 cxd5 4. Bd3 Nc6 5. c3 Nf6 6. h3 g6 7. Nf3 Bf5 8. Be2 e6 9. O-O Bd6 10. Re1 h5 11. Bg5 Be7 12. Bb5 Ne4 13. Bxe7 Qxe7 14.
Ne5 Rc8 15. Nd2 Kf8 16. Bxc6 bxc6 17. Nxe4 dxe4 18. Nc4 g5 19. Ne3 g4 20. Nxf5 exf5 21. Qd2 gxh3 22. Qf4 Qe6 23. gxh3 Ke7 24. Kh2 Qd6 25. Qxd6+ Kxd6 26. Rg1 Rcg8 27. c4 f4 28. Rxg8 Rxg8 29. Rg1 Rg6 30. b4 h4 31. Re1 f5 32.
Rg1 Re6 33. Kg2 a5 34. a3 axb4 35. axb4 Re8 36. Ra1 Rb8 37. Ra4 f3+ 38. Kf1 f4 39. Ke1 Rg8 40. Kf1 e3 41. fxe3 fxe3 42. Ra1 Rg2 0-1

[Event "Early-Titled-Tuesday-Blitz-January-30-2024"]
[Site "Chess.com"]
[Date "2024.01.30"]
[Round "9"]
[White "verrbaa"]
[Black "GoValya"]
[Result "1-0"]
[WhiteElo "2470"]
[BlackElo "2323"]
[TimeControl "180+1"]
[EndTime "9:47:38 PST"]
[Termination "verrbaa won on time"]

1. e4 e6 2. d4 d5 3. Nc3 Nf6 4. Bg5 Be7 5. e5 Nfd7 6. h4 a6 7. Nf3 c5 8. Bxe7 Qxe7 9. h5 h6 10. Qe2 Nc6 11. dxc5 Nxc5 12. O-O-O Bd7 13. g4 b5 14. Qe3 b4 15. Ne2 a5 16. Kb1 a4 17.
Ned4 b3 18. cxb3 axb3 19. a3 Ne4 20. Bd3 O-O 21. Bxe4 dxe4 22. Qxe4 Nxd4 23. Nxd4 Rxa3 24. bxa3 Qxa3 25. Qe2 Ra8 26. Qb2 Qb4 27. Rh3 1-0

[Event "Early-Titled-Tuesday-Blitz-January-30-2024"]
[Site "Chess.com"]
[Date "2024.01.30"]
[Round "9"]
[White "yuriydovzik"]
[Black "gm_rashid"]
[Result "1-0"]
[WhiteElo "2218"]
[BlackElo "2486"]
[TimeControl "180+1"]
[EndTime "9:47:38 PST"]
[Termination "yuriydovzik won by resignation"]

1. b3 d5 2. Bb2 Nf6 3. g3 e6 4. Bg2 c5 5. e3 Nc6 6. Ne2 Be7 7. O-O O-O 8. d4 b5 9. Nd2 c4 10. a4 bxa4 11. bxc4 Rb8 12. Ba3 Bd7 13. Bxe7 Nxe7 14. cxd5 Nexd5 15. c4 Nb4 16. Nc3 Nd3 17. Qc2 Nb4 18.
Qd1 Nd3 19. Qe2 Nb2 20. Rfb1 Qa5 21. Nde4 Nxe4 22. Nxe4 a3 23. Nc5 Rfd8 24. Nxd7 Rxd7 25. c5 Re7 26. c6 e5 27. d5 e4 28. d6 Re6 29. c7 Rf8 30. Qc2 Qa6 31. Rxa3 Qxa3 32. c8=Q 1-0

[Event "Early-Titled-Tuesday-Blitz-January-30-2024"]
[Site "Chess.com"]
[Date "2024.01.30"]
[Round "9"]
[White "chipmunknau"]
[Black "TokChess"]
[Result "1-0"]
[WhiteElo "2755"]
[BlackElo "2546"]
[TimeControl "180+1"]
[EndTime "9:47:42 PST"]
[Termination "chipmunknau won by resignation"]

1. d4 Nf6 2. Nf3 e6 3. g3 b6 4. Bg2 Bb7 5. O-O Be7 6. a4 a6 7.
c4 O-O 8. Nc3 Ne4 9. Bd2 Nxd2 10.
Qxd2 d6 11. e4 Nd7 12. Rfe1 c5 13. d5 exd5 14. Nxd5 Bxd5 15. Qxd5 Bf6 16. Qxd6 Ne5 17. Qxd8 Raxd8 18. a5 Nxf3+ 19. Bxf3 Bxb2 20. axb6 Bxa1 21. Rxa1 Rd6 22. Rb1 Rb8 23. b7 f6 24. e5 fxe5 25. Re1 a5 26. Rxe5 Rdd8 27. Rxc5 Kf7 1-0

[Event "Early-Titled-Tuesday-Blitz-January-30-2024"]
[Site "Chess.com"]
[Date "2024.01.30"]
[Round "9"]
[White "Better_Chess_Faster"]
[Black "SmirnovTimofey2000"]
[Result "1-0"]
[WhiteElo "2137"]
[BlackElo "1944"]
[TimeControl "180+1"]
[EndTime "9:47:43 PST"]
[Termination "Better_Chess_Faster won on time"]

1. d4 d5 2. Bf4 Bf5 3. e3 e6 4. Nf3 Nf6 5. Bd3 Ne4 6. Nbd2 Be7 7. O-O g5 8. Bg3 h5 9. h4 gxh4 10. Bh2 Rg8 11. Ne1 h3 12. Qxh5 hxg2 13. Nxg2 Bg4 14. Qh7 Nf6 15. Qh4 Nbd7 16. f3 Ne4 17. Qe1 Nxd2 18. Qxd2 Bh5 19. Kh1 Nf6 20. Nf4 Bg6 21.
Bxg6 fxg6 22. Nxe6 Qd6 23. Bxd6 Bxd6 24. f4 Rh8+ 25. Kg2 1-0

[Event "Early-Titled-Tuesday-Blitz-January-30-2024"]
[Site "Chess.com"]
[Date "2024.01.30"]
[Round "9"]
[White "ChessQueen"]
[Black "RichardLeyvaP"]
[Result "0-1"]
[WhiteElo "2729"]
[BlackElo "2556"]
[TimeControl "180+1"]
[EndTime "9:47:44 PST"]
[Termination "RichardLeyvaP won by resignation"]

1. d4 Nf6 2. c4 g6 3. Nc3 Bg7 4. e4 d6 5. Nf3 O-O 6. Be2 Bg4 7. Be3 Nc6 8. d5 Bxf3 9. gxf3 Nb8 10. Qd2 c6 11. h4 cxd5 12. exd5 Nbd7 13. Ne4 a6 14. h5 Nxh5 15. Rxh5 gxh5 16. O-O-O Kh8 17. Rh1 Nf6 18. Nxf6 Bxf6 19. Rxh5 Rg8 20. Bd3 Rg7 21. Bh6 Rg1+ 22. Kc2 Qg8 23. Be3 Rg6 24. Qb4 b5 25. cxb5 axb5 26.
a3 Ra4 27. Qxb5 Ra8 28. Qd7 Rb8 29. b4 Rc8+ 30. Kd2 Ra8 31. Bxg6 fxg6 32. Rh1 Qxd5+ 33. Ke2 Qc4+ 34. Kd1 Qd3+ 35. Kc1 Qxa3+ 36. Kc2 Qc3+ 0-1

[Event "Early-Titled-Tuesday-Blitz-January-30-2024"]
[Site "Chess.com"]
[Date "2024.01.30"]
[Round "9"]
[White "Maftuna2303"]
[Black "nikitadovbnya2008"]
[Result "1-0"]
[WhiteElo "2427"]
[BlackElo "2163"]
[TimeControl "180+1"]
[EndTime "9:47:45 PST"]
[Termination "Maftuna2303 won on time"]

1. e4 e5 2. Nf3 Nc6 3. Bc4 Nf6 4. Nc3 Nxe4 5. Nxe4 d5 6. Bd3 dxe4 7. Bxe4 Bd6 8.
O-O O-O 9. c3 Kh8 10. d4 exd4 11. cxd4 Bg4 12. h3 Bxf3 13. Bxf3 Nxd4 14. Bxb7 Rb8 15.
Ba6 Rb6 16. Bc4 Bc5 17. b3 Rd6 18. Bf4 Rg6 19. Qh5 Qf6 20. Bg3 Rg5 21. Qd1 Nxb3 22.
Qxb3 Rd8 23. Rad1 Rxd1 24. Rxd1 h5 25. Qb8+ Kh7 26. Qxc7 h4 27. Bd3+ Kh6 28. Bf4 1-0